AoeStats
← Taskyr

Arena

508768808Analyzed
1v1 RM · 10d ago on Sep 24, 2026· 50m 36s· 2 players
Game mode
Random Map
Map size
Tiny (2 player)
Population
200
Speed
Normal
Resources
Standard
Victory
Conquest
Starting age
Dark Age
Ending age
Imperial Age
RankedLock teamsTeams togetherTeam positionsShared explorationLock speedFull tech treeHidden civsTurbo modeCheats
Victory
Defeat
🇺🇦 Cumans · Ukraine
679
+17
🇺🇸 Byzantines · United States
692
-22
МАМУТ
10:30 Feudal Age
11:12 Double-Bit Axe
11:09 Horse Collar
17:43 Wheelbarrow
20:46 Castle Age
20:30 Gold Mining
20:31 Stone Mining
22:18 Bow Saw
22:40 Light Cavalry
24:49 Forging
24:48 Scale Barding Armor
25:16 Hand Cart
24:47 Town Watch
26:00 Bloodlines
27:29 Man-at-Arms
31:48 Fletching
31:59 Padded Archer Armor
32:21 Chain Barding Armor
35:01 Imperial Age
32:51 Bodkin Arrow
33:51 Leather Archer Armor
36:18 Conscription
35:29 Elite Kipchak
36:52 Ballistics
37:21 Ring Archer Armor
38:03 Town Patrol
Taskyr
7:47 Loom
10:34 Feudal Age
11:41 Double-Bit Axe
22:42 Castle Age
21:10 Forging
21:41 Stone Mining
22:04 Scale Mail Armor
22:12 Horse Collar
22:53 Elite Skirmisher
25:39 Wheelbarrow
25:58 Chain Mail Armor
26:24 Pikeman
29:54 Hand Cart
30:49 Iron Casting
32:29 Thumb Ring
34:11 Bow Saw
34:02 Heavy Plow
37:11 Imperial Age
35:10 Scale Barding Armor
37:40 Chain Barding Armor
37:11 Fletching
37:23 Padded Archer Armor
41:51 Elite Cataphract
45:57 Squires
46:03 Halberdier
46:24 Onager
Connection lost

Rejoining the realm…

Still unreachable

The connection could not be restored.

Session expired

The server has moved on; the page needs a fresh start.